Workbook
Name A_DEPRAM_18: 'Additional data Company 1'!#REF!
Name A_DEPRAM_19: 'Additional data Company 1'!#REF!
Name A_DEPRAM_20: 'Additional data Company 1'!#REF!
Name A_DSCR_20: 'Ratio Analysis Company 1'!#REF!
Name A_EBITDA_18: 'Additional data Company 1'!#REF!
Name A_EBITDA_19: 'Additional data Company 1'!#REF!
Name A_EBITDA_20: 'Additional data Company 1'!#REF!
Name A_EffTax_18: 'Additional data Company 1'!#REF!
Name A_EffTax_19: 'Additional data Company 1'!#REF!
Name A_EffTax_20: 'Additional data Company 1'!#REF!
Name A_FAT_19: 'Ratio Analysis Company 1'!#REF!
Name A_FAT_20: 'Ratio Analysis Company 1'!#REF!
Name A_OPM_19: 'Ratio Analysis Company 1'!#REF!
Name A_OPM_20: 'Ratio Analysis Company 1'!#REF!
Name A_Repay_18: 'Additional data Company 1'!#REF!
Name A_Repay_19: 'Additional data Company 1'!#REF!
Name A_Repay_20: 'Additional data Company 1'!#REF!
Name ARTO_19: 'Ratio Analysis Company 2'!#REF!
Name ARTO_20: 'Ratio Analysis Company 2'!#REF!
Name B_FAT_19: 'Ratio Analysis Company 2'!#REF!
Name B_FAT_20: 'Ratio Analysis Company 2'!#REF!
Name B_OPM_19: 'Ratio Analysis Company 2'!#REF!
Name B_OPM_20: 'Ratio Analysis Company 2'!#REF!
Name B_TAT_19: 'Ratio Analysis Company 2'!#REF!
Name B_TAT_20: 'Ratio Analysis Company 2'!#REF!
Name B_Cash_20: 'Balance sheet Company 2'!$B$16
Name B_OCA_18: 'Balance sheet Company 2'!$D$17
Name A_EWI_20: 'Ratio Analysis Company 1'!$B$12
Name B_Sales_19: 'Income statement Company 2'!$C$9
Name A_TEQ_18: 'Balance sheet Company 1'!$D$25
Name EBITDA_18: 'Additional data Company 2'!$D$15
Name A_LTL_19: 'Balance sheet Company 1'!$C$27
Name A_CR_20: 'Ratio Analysis Company 1'!$B$28
Name B_TEQ_18: 'Balance sheet Company 2'!$D$25
Name A_Opex_18: 'Income statement Company 1'!$D$13
Name B_ROA_19: 'Ratio Analysis Company 2'!$C$10
Name A_COGS_19: 'Income statement Company 1'!$C$10
Name A_COGS_20: 'Income statement Company 1'!$B$10
Name A_AR_18: 'Balance sheet Company 1'!$D$15
Name B_TotFA_18: 'Balance sheet Company 2'!$D$12
Name Repay_19: 'Additional data Company 2'!$C$12
Name A_ADIO_20: 'Ratio Analysis Company 1'!$B$22
Name A_TA_20: 'Balance sheet Company 1'!$B$20
Name A_FININC_20: 'Income statement Company 1'!$B$17
Name B_GP_18: 'Income statement Company 2'!$D$11
Name A_StatTax_19: 'Additional data Company 1'!$C$9
Name A_GPM_20: 'Ratio Analysis Company 1'!$B$13
Name B_FINEX_18: 'Income statement Company 2'!$D$16
Name A_TaxExp_19: 'Income statement Company 1'!$C$22
Name A_TNCL_18: 'Balance sheet Company 1'!$D$28
Name B_Opex_18: 'Income statement Company 2'!$D$13
Name B_INV_18: 'Balance sheet Company 2'!$D$14
Name A_GP_20: 'Income statement Company 1'!$B$11
Name A_TFA_18: 'Balance sheet Company 1'!$D$10
Name B_Cash_19: 'Balance sheet Company 2'!$C$16
Name A_TEQ_19: 'Balance sheet Company 1'!$C$25
Name DEPRAM_18: 'Additional data Company 2'!$D$13
Name B_ROA_20: 'Ratio Analysis Company 2'!$B$10
Name A_DR_20: 'Ratio Analysis Company 1'!$B$30
Name B_ISC_20: 'Balance sheet Company 2'!$B$23

Sheet Assumptions and Clarifications
A1: Financial Statement Analysis – Assumptions and Clarifications
A3: General remarks
A5: Some companies consist of entire groups of companies and subsidiaries. In that case, you should use the consolidated financial statements if available. The income statement within financial reports may sometimes be titled 'Statement of Profit and Loss,' 'Statement of Revenues,' 'Results from Operations,' or 'Results of Revenue.' Please focus only on profit and loss from continued operations and disregard information in the statement of other comprehensive income. We ask that you use the statutory tax rate for the sheet additional data company 1 & 2, even if this tax rate differs significantly from the effective tax rate. It is often important to have a look at the notes to the financial statements because they can provide important and relevant information about certain items from the financial statements. If you need to formulate and add new or custom assumptions, please write them down in the corresponding section on each sheet.
A7: Assumptions:
A9: Balance Sheet | C9: Income Statement/Statement of Profit and Loss/Statement of Revenues/Results from Operations/Results of Revenues
A11: ● “Goodwill” is allocated to “Intangible fixed assets” | C11: ● “Net sales” are allocated to “Revenues”
A12: ● “Right-of-use assets” are allocated to “Intangible fixed assets” | C12: ● “Sales number” is allocated to “Revenues”
A13: ● “Property, plant and equipment (PPE)” is allocated to “Tangible fixed assets” | C13: ● “Cost of sales” is allocated to “Cost of goods sold”
A14: ● “Rights to use assets” are allocated to “Other fixed assets” | C14: ● “Raw materials and consumables used” are allocated to “Cost of goods sold”
A15: ● “Non-current financial assets” are allocated to “Other fixed assets” | C15: ● “Selling and marketing expenses” are allocated to “Other operating expenses”
A16: ● “Assets held up for sale” are allocated to “Other fixed assets” | C16: ● “Research and development expenses” are allocated to “Other operating expenses”
A17: ● “Inventories and work in progress” are allocated to “Inventory” | C17: ● “Administration expenses” are allocated to “Other operating expenses”
A18: ● “Raw materials” are allocated to “Inventory” | C18: ● “Selling, general, and administrative expenses” are allocated to “Other operating
A19: ● “Trade receivables” are allocated to “Accounts receivable” | C19: expenses”
A20: ● “Current tax assets” are allocated to “Other current assets” | C20: ● “Personnel expenses” are allocated to “Other operating expenses”
A21: ● “Income tax receivable” is allocated to “Other current assets” | C21: ● “Impairment of goodwill” is allocated to “Other operating expenses”
... A30: ● “Additional paid-in capital” is allocated to “Other equity” | C30: ● “Corporate income tax” is allocated to “Income tax expense”
A31: ● “Minority interests” are allocated to “Other equity”
A32: ● “Accumulated other comprehensive income” is allocated to “Other equity”
A33: ● “Rights to use liabilities” are allocated to “Long-term liabilities”
A34: ● “Deferred tax liabilities” are allocated to “Long-term liabilities”
A35: ● “Trade payables” are allocated to “Accounts payable”
A36: ● “Current provisions” are allocated to “Other current liabilities”
A37: ● “Current tax liabilities” are allocated to “Other current liabilities”
A38: ● “Current income tax payable” is allocated to “Other current liabilities”
A39: ● “Current derivative instruments” are allocated to “Other current liabilities”
A40: ● “Short-term borrowing” is allocated to “Other current liabilities”
A43: Rounding Errors
A45: In some annual reports, all numbers are rounded to millions which means that they are sometimes not adding up when you transfer them to the excel sheet for Assignment 2 (e.g., there is a difference of 1 million in total assets or net profit). This is due to a small rounding error the company made on its balance sheet or income statement. You can either slightly adjust your numbers to get to the correct totals (e.g., deduct/add 1,000,000 from an item in your financial reports) or you can just put in the numbers as they are, even if the totals slightly differ in that case. Just mention in your assumptions what you did, so we can take it into account when grading your assignment.
... A53: ● If you're only using the annual reports to complete the requirement (and NO other external resources), then you don't need to add a bibliography or citations. ● If you use external resources in addition to the annual reports to complete the requirement, you need to cite all your sources, INCLUDING the annual reports. In-text citations DO NOT count towards the total word limit.

Sheet Balance sheet Company 1
A1: Company: | B1: ALSO Holding AG
A3: Group Number | B3: 30
A4: *Please check the notes at the end of the Standardized Statement
B5: Standardized Balance Sheet
B7: 2023 | C7: 2022 | D7: 2021
A9: Intangible fixed assets | B9: 242947000 | C9: 226175000 | D9: 207180000
A10: Tangible fixed assets | B10: 145569000 | C10: 139325000 | D10: 144206000
A11: Other fixed assets | B11: 75690000 | C11: 82975000 | D11: 41514000
A12: Total fixed assets | B12: =A_IFA_20+A_TFA_20+A_OFA_20 -> 464206000 | C12: =A_IFA_19+A_TFA_19+A_OFA_19 -> 448475000 | D12: =A_IFA_18+A_TFA_18+A_OFA_18 -> 392900000
A14: Inventory | B14: 767194000 | C14: 981396000 | D14: 910018000
A15: Accounts receivable | B15: 722066000 | C15: 803251000 | D15: 691874000
A16: Cash and cash equivalents | B16: 665369000 | C16: 478718000 | D16: 617245000
A17: Other current assets | B17: 611038000 | C17: 441677000 | D17: 472465000
A18: Total current assets | B18: =SUM(B14:B17) -> 2765667000 | C18: =SUM(C14:C17) -> 2705042000 | D18: =SUM(D14:D17) -> 2691602000
A20: TOTAL ASSETS | B20: =A_TotFA_20+A_TCA_20 -> 3229873000 | C20: =A_TotFA_19+A_TCA_19 -> 3153517000 | D20: =A_TotFA_18+A_TCA_18 -> 3084502000
A23: Issued share capital | B23: 1043806000 | C23: 1039578000 | D23: 948971000
A24: Other equity | B24: 1277000 | C24: 835000 | D24: 528000
A25: TOTAL EQUITY | B25: 1045083000 | C25: 1040413000 | D25: 949499000
A27: Long-term liabilities | B27: 163080000 | C27: 281974000 | D27: 280842000
A28: Total non-current liabilities | B28: =A_LTL_20 -> 163080000 | C28: =A_LTL_19 -> 281974000 | D28: =A_LTL_18 -> 280842000
A30: Accounts payable | B30: 1467407000 | C30: 1407804000 | D30: 1423567000
A31: Other current liabilities | B31: 554303000 | C31: 423326000 | D31: 430594000
A32: Total current liabilities | B32: =A_AP_20+A_OCL_20 -> 2021710000 | C32: =A_AP_19+A_OCL_19 -> 1831130000 | D32: =A_AP_18+A_OCL_18 -> 1854161000
A34: TOTAL EQUITY AND LIABILITIES | B34: =A_TEQ_20+A_TNCL_20+A_TCL_20 -> 3229873000 | C34: =A_TEQ_19+A_TNCL_19+A_TCL_19 -> 3153517000 | D34: =A_TEQ_18+A_TNCL_18+A_TCL_18 -> 3084502000
A38: * Notes: | F38: Just in case, please write down your own ASSUMPTIONS here:
A39: - Please use the following number format: 5000000 instead of 5M or 5 Million - Please use a comma for decimals - The template uses the EUR currency. In the very unlikely event of your financial statements using a different currency, focus on the numbers and not the currency sign. | F39: Property, Plant and Equipment is allocated to ,,Intangible Fixed Assets"; Trade Receivables are allocated to ,,Account Receivables"; Prepaid expenses, accrued income and other receivables are allocated to ,,Other Current Assets"; Derivative Financial Instruments are allocated to ,,Other Current Assets"; Assets Held for Sale are allocated to ,,Other Current Assets"; Financial Assets, Derivative Financial Instruments, Deffered Tax Assets, Employee Benefits, Prepaid Expenses, Accrued Incomes and Other Receivables are all allocated to ,,Other Fixed Assets"; Equity Attributable to ALSO Shareholders is allocated to ,,Issued Share Capital"; Non-Controlling Interests are allocated to ,,Other Equity"; Financial Liabilities, Provisions, Derivative Financial Instruments, Deferred Tax Liabilities, Employee Benefits, Accrued Expenses, Deferred Income and Other Payables are all allocated to ,,Long-term Liabilities"; Trade Payables are allocated to ,,Accounts Payable"; Financial Liabilities, Accrued Expenses, Deferred Income, Derivative Financial Instruments, Tax Liabilities and Provisions are all allocated to ,,Other Current Liabilities".

Sheet Balance sheet Company 2
A1: Company | B1: GRUPA AZOTY S.A
A3: Group Number | B3: 30
A4: *Please check the notes at the end of the Standardized Statement
B5: Standardized Balance Sheet
B7: 2023 | C7: 2022 | D7: 2021
A9: Intangible fixed assets | B9: =(760159+892274+282848)*1000 -> 1935281000 | C9: =(758713+971484+305016)*1000 -> 2035213000 | D9: =(804863+998614+319922)*1000 -> 2123399000
A10: Tangible fixed assets | B10: =(13676472+71290)*1000 -> 13747762000 | C10: =(13392162+66613)*1000 -> 13458775000 | D10: =(11957685+68046)*1000 -> 12025731000
A11: Other fixed assets | B11: =(10172+104642+2858+291543+609262+563087+509)*1000 -> 1582073000 | C11: =(10172+95436+3961+383800+629999+330889+508)*1000 -> 1454765000 | D11: =(12915+92658+2626+0+542552+105446+509)*1000 -> 756706000
A12: Total fixed assets | B12: =B_IFA_20+B_TFA_20+B_OFA_20 -> 17265116000 | C12: =B_IFA_19+B_TFA_19+B_OFA_19 -> 16948753000 | D12: =B_IFA_18+B_TFA_18+B_OFA_18 -> 14905836000
A14: Inventory | B14: =(2469246)*1000 -> 2469246000 | C14: =(3444385)*1000 -> 3444385000 | D14: =2313143*1000 -> 2313143000
A15: Accounts receivable | B15: =(1432699)*1000 -> 1432699000 | C15: =(2026024)*1000 -> 2026024000 | D15: =2453579*1000 -> 2453579000
A16: Cash and cash equivalents | B16: =(1012355)*1000 -> 1012355000 | C16: =(1376541)*1000 -> 1376541000 | D16: =2362193*1000 -> 2362193000
A17: Other current assets | B17: =(2047478+0+2005+47467+20154)*1000 -> 2117104000 | C17: =(2009349+3122+1998+33719+21753)*1000 -> 2069941000 | D17: =(1560172+1801+1997+28015+17969)*1000 -> 1609954000
A18: Total current assets | B18: =B_INV_20+B_AR_20+B_Cash_20+B_OCA_20 -> 7031404000 | C18: =B_INV_19+B_AR_19+B_Cash_19+B_OCA_19 -> 8916891000 | D18: =B_INV_18+B_AR_18+B_Cash_18+B_OCA_18 -> 8738869000
A20: TOTAL ASSETS | B20: =B_TotFA_20+B_TCA_20 -> 24296520000 | C20: =B_TotFA_19+B_TCA_19 -> 25865644000 | D20: =B_TotFA_18+B_TCA_18 -> 23644705000
A23: Issued share capital | B23: =495977*1000 -> 495977000 | C23: =495977*1000 -> 495977000 | D23: =495977*1000 -> 495977000
A24: Other equity | B24: =(2418270+243830-9483-17700+2820560+516835)*1000 -> 5972312000 | C24: =(2418270+285136+87421-17700+5665545+1021718)*1000 -> 9460390000 | D24: =(2418270-58403+54936-17700+5048783+990304)*1000 -> 8436190000
A25: TOTAL EQUITY | B25: =B_ISC_20+B_OSF_20 -> 6468289000 | C25: =B_ISC_19+B_OSF_19 -> 9956367000 | D25: =B_ISC_18+B_OSF_18 -> 8932167000
A27: Long-term liabilities | B27: 2997479000 | C27: 7294419000 | D27: 5951160000
A28: Total non-current liabilities | B28: =B_LTL_20 -> 2997479000 | C28: =B_LTL_19 -> 7294419000 | D28: =B_LTL_18 -> 5951160000
A30: Accounts payable | B30: 5388239000 | C30: 6141011000 | D30: 5827116000
A31: Other current liabilities | B31: =14830752000-B_AP_20 -> 9442513000 | C31: =8614858000-B_AP_19 -> 2473847000 | D31: =8761378000-5827116000 -> 2934262000
A32: Total current liabilities | B32: =B_AP_20+B_OCL_20 -> 14830752000 | C32: =B_AP_19+B_OCL_19 -> 8614858000 | D32: =B_AP_18+B_OCL_18 -> 8761378000
A34: TOTAL EQUITY AND LIABILITIES | B34: =B_TEQ_20+B_TNCL_20+B_TCL_20 -> 24296520000 | C34: =B_TEQ_19+B_TNCL_19+B_TCL_19 -> 25865644000 | D34: =B_TEQ_18+B_TNCL_18+B_TCL_18 -> 23644705000
A38: * Notes: | F38: Just in case, please write down your own ASSUMPTIONS here:
A39: - Please use the following number format: 5000000 instead of 5M or 5 Million - Please use a comma for decimals - The template uses the EUR currency. In the very unlikely event of your financial statements using a different currency, focus on the numbers and not the currency sign. | F39: Property, plant and equipment are allocated in "Tangible fixed assets" Right-of-use assets are allocated in "Intagible fixed assets" Investment property is allocated in allocated in "Tangible fixed asset" Intangible assets Goodwill” is allocated to “Intangible fixed assets” Shares are allocated in "Other fixed assets" Equity-accounted investees are allocated in "Other fixed assets" Other financial assets are allocated in "Other fixed assets" Derivative financial instruments are allocated in "Other fixed assets" Other receivables are allocated in "Other fixed assets" Deferred tax assets are allocated in "Other fixed assets" Other non-current assets are allocated in "Other fixed assets" Current assets Inventories; Property rights are allocated in "Other current assets"; Derivative financial instruments are allocated in "Other current assets"; Other financial assets are allocated in "Other current assets"; Current tax assets are allocated in "Other current assets"; Trade and other receivables are allocated in "Accounts receivables" Cash and cash equivalents; Other assets Equity and liabilities Share capital is allocated in "Issued Share capital" ; Share premium is allocated in "Other equity"; Hedging reserve is allocated in "Other equity"; Translation reserve is allocated in "Other equity"; Other capital reserves is allocated in "Other equity"; Retained earnings are allocated in "Other equity"; Non-controlling interests are allocated in "Other equity"; Liabilities - Borrowings, Lease liabilities Other financial liabilities, Employee benefit obligations, Trade and other payables, Provisions, Grants, Deferred tax liabilities are all allocated in "Long-term liabilities" Borrowings, Derivative financial instruments Lease liabilities, Other financial liabilities Employee benefit obligations Current tax liabilities, Provisions, Grants are allocated in "Other current liabilities", Trade and other payables is allocated in "Accounts payable"

Sheet Income statement Company 1
A1: Company | B1: =A_Company -> ALSO Holding AG
A3: Group Number | B3: =AssignNo -> 30
A4: *Please check the notes at the end of the Standardized Statement
B5: Standardized Income Statement
B7: 2023 | C7: 2022 | D7: 2021
A9: Revenue | B9: 9959628000 | C9: 11552876000 | D9: 12394388000
A10: Cost of goods sold (enter positive number) | B10: 9264618000 | C10: 10839468000 | D10: 11710962000
A11: Gross profit | B11: {=A_Sales_20-A_COGS_20} -> 695010000 | C11: {=A_Sales_19-A_COGS_19} -> 713408000 | D11: =A_Sales_18-A_COGS_18 -> 683426000
A13: Other operating expenses (enter expenses as a negative number) | B13: -492306000 | C13: -476577000 | D13: -465866000
A14: Operating profit (EBIT) | B14: =A_GP_20+A_Opex_20 -> 202704000 | C14: =A_GP_19+A_Opex_19 -> 236831000 | D14: =A_GP_18+A_Opex_18 -> 217560000
A16: Financial expenses (enter expenses as a negative number) | B16: -40789000 | C16: -32922000 | D16: -21811000
A17: Financial income (including share of profit or loss from associates) | B17: 12608000 | C17: 4032000 | D17: 5341000
A18: Net financial income or expense | B18: =A_FINEX_20+A_FININC_20 -> -28181000 | C18: =A_FINEX_19+A_FININC_19 -> -28890000 | D18: =A_FINEX_18+A_FININC_18 -> -16470000
A20: Profit (loss) before tax | B20: =A_EBIT_20+A_NETFINEX_20 -> 174523000 | C20: =A_EBIT_19+A_NETFINEX_19 -> 207941000 | D20: =A_EBIT_18+A_NETFINEX_18 -> 201090000
A22: Income tax expense (enter expenses as a negative number) | B22: -50418000 | C22: -55574000 | D22: -46893000
A24: Net profit | B24: =A_PBT_20+A_TaxExp_20 -> 124105000 | C24: =A_PBT_19+A_TaxExp_19 -> 152367000 | D24: =A_PBT_18+A_TaxExp_18 -> 154197000
A27: * Notes: | F27: Just in case, please write down your own ASSUMPTIONS here:
A28: - Please use the following number format: 5000000 instead of 5M or 5 Million - Please use a comma for decimals - The template uses the EUR currency. In the very unlikely event of your financial statements using a different currency, focus on the numbers and not the currency sign. - The income statement within financial reports may sometimes be titled 'Statement of Profit and Loss,' 'Statement of Revenues,' 'Results from Operations,' or 'Results of Revenue.' - Please focus only on profit and loss from continued operations and disregard information in the statement of other comprehensive income. | F28: Depreciation and amortization are recorded as operating expense; Other income was allocated to other operating expenses

Sheet Income statement Company 2
B1: =B_Company -> GRUPA AZOTY S.A
A3: Group Number | B3: =AssignNo -> 30
A4: *Please check the notes at the end of the Standardized Statement
B5: Standardized Income Statement
B7: 2023 | C7: 2022 | D7: 2021
A9: Revenue | B9: 13545094000 | C9: 24657853000 | D9: 15901259000
A10: Cost of goods sold (enter positive number) | B10: 13833787000 | C10: 20722832000 | D10: 12822820000
A11: Gross profit | B11: =B_Sales_20-B_COGS_20 -> -288693000 | C11: =B_Sales_19-B_COGS_19 -> 3935021000 | D11: {=B_Sales_18-B_COGS_18} -> 3078439000
A13: Other operating expenses (enter expenses as a negative number) | B13: -3311529000 | C13: -3069372000 | D13: -2201934000
A14: Operating profit (EBIT) | B14: =B_GP_20+B_Opex_20 -> -3600222000 | C14: =B_GP_19+B_Opex_19 -> 865649000 | D14: =B_GP_18+B_Opex_18 -> 876505000
A16: Financial expenses (enter expenses as a negative number) | B16: -374055000 | C16: -331140000 | D16: -220674000
A17: Financial income (including share of profit or loss from associates) | B17: 391013000 | C17: 154177000 | D17: 78054000
A18: Net financial income or expense | B18: =B_FININC_20+B_FINEX_20 -> 16958000 | C18: =B_FININC_19+B_FINEX_19 -> -176963000 | D18: =B_FININC_18+B_FINEX_18 -> -142620000
A20: Profit (loss) before tax | B20: =B_EBIT_20+B_NETFINEX_20 -> -3583264000 | C20: =B_EBIT_19+B_NETFINEX_19 -> 688686000 | D20: =B_EBIT_18+B_NETFINEX_18 -> 733885000
A22: Income tax expense (enter expenses as a negative number) | B22: 292800000 | C22: -104866000 | D22: -100198000
A24: Net profit | B24: =B_PBT_20+B_TaxExp_20 -> -3290464000 | C24: =B_PBT_19+B_TaxExp_19 -> 583820000 | D24: =B_PBT_18+B_TaxExp_18 -> 633687000
A27: * Notes: | F27: Just in case, please write down your own ASSUMPTIONS here:
A28: - Please use the following number format: 5000000 instead of 5M or 5 Million - Please use a comma for decimals - The template uses the EUR currency. In the very unlikely event of your financial statements using a different currency, focus on the numbers and not the currency sign. - The income statement within financial reports may sometimes be titled 'Statement of Profit and Loss,' 'Statement of Revenues,' 'Results from Operations,' or 'Results of Revenue.' - Please focus only on profit and loss from continued operations and disregard information in the statement of other comprehensive income. | F28: For all Income statements and Balance sheets the recorded values are in billions, since in the reports they were written down as millions (in thousands).; Other income was allocated to other operating expenses; Share of profit of equity-accounted investees was allocated to Net financial income

Sheet Additional data Company 1
A1: ='Balance sheet Company 1'!A1 -> Company: | B1: ='Balance sheet Company 1'!B1 -> ALSO Holding AG
A3: ='Balance sheet Company 1'!A3 -> Group Number | B3: ='Balance sheet Company 1'!B3 -> 30
B5: Additional data
B7: 2023 | C7: 2022 | D7: 2021
A9: Statutory tax rate (e.g. tax disclosure note) | B9: 0.085 | C9: 0.085 | D9: 0.085
A13: * Note: | F13: Just in case, please write down your own ASSUMPTIONS here:
A14: Usually the statutory tax rate is mentioned in the annual report. Sometimes it is not. If this is the case, use other sources. (e.g. on the website of the OECD the statutory tax rate for the Netherlands is 25%) https://stats.oecd.org/index.aspx?DataSetCode=Table_II1 | F14: We used Switzerland's Corporate Income Tax Rate as the headquarters of Also Holding is in Switzerland and they do not provide any necessary data in the financial statements

Sheet Additional data Company 2
B1: ='Balance sheet Company 2'!B1 -> GRUPA AZOTY S.A
A3: ='Balance sheet Company 2'!A3 -> Group Number | B3: =AssignNo -> 30
B5: Additional data
B7: =+'Additional data Company 1'!B7 -> 2023 | C7: =+'Additional data Company 1'!C7 -> 2022 | D7: =+'Additional data Company 1'!D7 -> 2021
A9: Statutory tax rate (e.g. tax disclosure note) | B9: 0.19 | C9: 0.19 | D9: 0.19
A13: * Note: | F13: Just in case, please write down your own ASSUMPTIONS here:
A14: Usually the statutory tax rate is mentioned in the annual report. Sometimes it is not. If this is the case, use other sources. (e.g. on the website of the OECD the statutory tax rate for the Netherlands is 25%) https://stats.oecd.org/index.aspx?DataSetCode=Table_II1 | F14: We took the data from the OECD website, as the corporate income tax rate

Sheet Vertical Analysis Company 1
A1: Company | B1: ='Balance sheet Company 1'!B1 -> ALSO Holding AG
A3: Group Number | B3: =AssignNo -> 30
B5: Standardized Balance Sheet | F5: Vertical Analysis
F6: As Percentage of Total Assets
B7: 2023 | C7: 2022 | D7: 2021 | F7: 2023 | G7: 2022 | H7: 2021
A9: ='Balance sheet Company 1'!A9 -> Intangible fixed assets | B9: =A_IFA_20 -> 242947000 | C9: =A_IFA_19 -> 226175000 | D9: =A_IFA_18 -> 207180000 | F9: =B9/$B$20 -> 0.075218747 | G9: =C9/$C$20 -> 0.07172151 | H9: =D9/$D$20 -> 0.067168055
A10: ='Balance sheet Company 1'!A10 -> Tangible fixed assets | B10: =A_TFA_20 -> 145569000 | C10: =A_TFA_19 -> 139325000 | D10: =A_TFA_18 -> 144206000 | F10: =B10/$B$20 -> 0.045069574 | G10: =C10/$C$20 -> 0.04418083 | H10: =D10/$D$20 -> 0.046751793
A11: ='Balance sheet Company 1'!A11 -> Other fixed assets | B11: =A_OFA_20 -> 75690000 | C11: =A_OFA_19 -> 82975000 | D11: =A_OFA_18 -> 41514000 | F11: =B11/$B$20 -> 0.023434358 | G11: =C11/$C$20 -> 0.026311892 | H11: =D11/$D$20 -> 0.013458899
A12: ='Balance sheet Company 1'!A12 -> Total fixed assets | B12: =A_TotFA_20 -> 464206000 | C12: =A_TotFA_19 -> 448475000 | D12: =A_TotFA_18 -> 392900000 | F12: =B12/$B$20 -> 0.14372268 | G12: =C12/$C$20 -> 0.14221423 | H12: =D12/$D$20 -> 0.12737875
A14: ='Balance sheet Company 1'!A14 -> Inventory | B14: =A_INV_20 -> 767194000 | C14: =A_INV_19 -> 981396000 | D14: =A_INV_18 -> 910018000 | F14: =B14/$B$20 -> 0.2375307 | G14: =C14/$C$20 -> 0.31120682 | H14: =D14/$D$20 -> 0.29502915
A15: ='Balance sheet Company 1'!A15 -> Accounts receivable | B15: =A_AR_20 -> 722066000 | C15: =A_AR_19 -> 803251000 | D15: =A_AR_18 -> 691874000 | F15: =B15/$B$20 -> 0.22355864 | G15: =C15/$C$20 -> 0.25471593 | H15: =D15/$D$20 -> 0.22430655
A16: ='Balance sheet Company 1'!A16 -> Cash and cash equivalents | B16: =A_Cash_20 -> 665369000 | C16: =A_Cash_19 -> 478718000 | D16: =A_Cash_18 -> 617245000 | F16: =B16/$B$20 -> 0.20600469 | G16: =C16/$C$20 -> 0.15180448 | H16: =D16/$D$20 -> 0.20011172
A17: ='Balance sheet Company 1'!A17 -> Other current assets | B17: =A_OCA_20 -> 611038000 | C17: =A_OCA_19 -> 441677000 | D17: =A_OCA_18 -> 472465000 | F17: =B17/$B$20 -> 0.18918329 | G17: =C17/$C$20 -> 0.14005854 | H17: =D17/$D$20 -> 0.15317383
A18: ='Balance sheet Company 1'!A18 -> Total current assets | B18: =A_TCA_20 -> 2765667000 | C18: =A_TCA_19 -> 2705042000 | D18: =A_TCA_18 -> 2691602000 | F18: =B18/$B$20 -> 0.85627732 | G18: =C18/$C$20 -> 0.85778577 | H18: =D18/$D$20 -> 0.87262125
A20: ='Balance sheet Company 1'!A20 -> TOTAL ASSETS | B20: =A_TA_20 -> 3229873000 | C20: =A_TA_19 -> 3153517000 | D20: =A_TA_18 -> 3084502000 | F20: =B20/$B$20 -> 1 | G20: =C20/$C$20 -> 1 | H20: =D20/$D$20 -> 1
A23: ='Balance sheet Company 1'!A23 -> Issued share capital | B23: =A_ISC_20 -> 1043806000 | C23: =A_ISC_19 -> 1039578000 | D23: =A_ISC_18 -> 948971000 | F23: =B23/$B$20 -> 0.32317246 | G23: =C23/$C$20 -> 0.3296567 | H23: =D23/$D$20 -> 0.30765777
A24: ='Balance sheet Company 1'!A24 -> Other equity | B24: =A_OSF_20 -> 1277000 | C24: =A_OSF_19 -> 835000 | D24: =A_OSF_18 -> 528000 | F24: =B24/$B$20 -> 0.00039537158 | G24: =C24/$C$20 -> 0.00026478373 | H24: =D24/$D$20 -> 0.00017117836
A25: TOTAL EQUITY | B25: =A_TEQ_20 -> 1045083000 | C25: =A_TEQ_19 -> 1040413000 | D25: =A_TEQ_18 -> 949499000 | F25: =B25/$B$20 -> 0.32356783 | G25: =C25/$C$20 -> 0.32992148 | H25: =D25/$D$20 -> 0.30782895
A27: ='Balance sheet Company 1'!A27 -> Long-term liabilities | B27: =A_LTL_20 -> 163080000 | C27: =A_LTL_19 -> 281974000 | D27: =A_LTL_18 -> 280842000 | F27: =B27/$B$20 -> 0.050491149 | G27: =C27/$C$20 -> 0.089415722 | H27: =D27/$D$20 -> 0.091049382
A28: ='Balance sheet Company 1'!A28 -> Total non-current liabilities | B28: =A_TNCL_20 -> 163080000 | C28: =A_TNCL_19 -> 281974000 | D28: =A_TNCL_18 -> 280842000 | F28: =B28/$B$20 -> 0.050491149 | G28: =C28/$C$20 -> 0.089415722 | H28: =D28/$D$20 -> 0.091049382
A30: ='Balance sheet Company 1'!A30 -> Accounts payable | B30: =A_AP_20 -> 1467407000 | C30: =A_AP_19 -> 1407804000 | D30: =A_AP_18 -> 1423567000 | F30: =B30/$B$20 -> 0.45432344 | G30: =C30/$C$20 -> 0.44642347 | H30: =D30/$D$20 -> 0.46152248
A31: ='Balance sheet Company 1'!A31 -> Other current liabilities | B31: =A_OCL_20 -> 554303000 | C31: =A_OCL_19 -> 423326000 | D31: =A_OCL_18 -> 430594000 | F31: =B31/$B$20 -> 0.17161758 | G31: =C31/$C$20 -> 0.13423933 | H31: =D31/$D$20 -> 0.1395992
A32: ='Balance sheet Company 1'!A32 -> Total current liabilities | B32: =A_TCL_20 -> 2021710000 | C32: =A_TCL_19 -> 1831130000 | D32: =A_TCL_18 -> 1854161000 | F32: =B32/$B$20 -> 0.62594102 | G32: =C32/$C$20 -> 0.5806628 | H32: =D32/$D$20 -> 0.60112167
A34: ='Balance sheet Company 1'!A34 -> TOTAL EQUITY AND LIABILITIES | B34: =A_TEL_20 -> 3229873000 | C34: =A_TEL_19 -> 3153517000 | D34: =A_TEL_18 -> 3084502000 | F34: =B34/$B$20 -> 1 | G34: =C34/$C$20 -> 1 | H34: =D34/$D$20 -> 1
B42: Standardized Income Statement | F42: Vertical Analysis
F43: As Percentage of Total Revenue
A44: Standardized Income Statement | B44: =+B7 -> 2023 | C44: =+C7 -> 2022 | D44: =+D7 -> 2021 | F44: =+F7 -> 2023 | G44: =+G7 -> 2022 | H44: =+H7 -> 2021
A46: ='Income statement Company 1'!A9 -> Revenue | B46: =A_Sales_20 -> 9959628000 | C46: =A_Sales_19 -> 11552876000 | D46: =A_Sales_18 -> 12394388000 | F46: =B46/$B$46 -> 1 | G46: =C46/$C$46 -> 1 | H46: =D46/$D$46 -> 1
A47: ='Income statement Company 1'!A10 -> Cost of goods sold (enter positive number) | B47: =A_COGS_20 -> 9264618000 | C47: =A_COGS_19 -> 10839468000 | D47: =A_COGS_18 -> 11710962000 | F47: =B47/$B$46 -> 0.93021727 | G47: =C47/$C$46 -> 0.93824845 | H47: =D47/$D$46 -> 0.94486004
A48: ='Income statement Company 1'!A11 -> Gross profit | B48: =A_GP_20 -> 695010000 | C48: =A_GP_19 -> 713408000 | D48: =A_GP_18 -> 683426000 | F48: =B48/$B$46 -> 0.069782727 | G48: =C48/$C$46 -> 0.06175155 | H48: =D48/$D$46 -> 0.055139955
A50: ='Income statement Company 1'!A13 -> Other operating expenses (enter expenses as a negative number) | B50: =A_Opex_20 -> -492306000 | C50: =A_Opex_19 -> -476577000 | D50: =A_Opex_18 -> -465866000 | F50: =B50/$B$46 -> -0.049430159 | G50: =C50/$C$46 -> -0.041251806 | H50: =D50/$D$46 -> -0.03758685
A51: ='Income statement Company 1'!A14 -> Operating profit (EBIT) | B51: =A_EBIT_20 -> 202704000 | C51: =A_EBIT_19 -> 236831000 | D51: =A_EBIT_18 -> 217560000 | F51: =B51/$B$46 -> 0.020352567 | G51: =C51/$C$46 -> 0.020499744 | H51: =D51/$D$46 -> 0.017553105
A53: ='Income statement Company 1'!A16 -> Financial expenses (enter expenses as a negative number) | B53: =A_FINEX_20 -> -40789000 | C53: =A_FINEX_19 -> -32922000 | D53: =A_FINEX_18 -> -21811000 | F53: =B53/$B$46 -> -0.0040954341 | G53: =C53/$C$46 -> -0.00284968 | H53: =D53/$D$46 -> -0.001759748
A54: ='Income statement Company 1'!A17 -> Financial income (including share of profit or loss from associates) | B54: =A_FININC_20 -> 12608000 | C54: =A_FININC_19 -> 4032000 | D54: =A_FININC_18 -> 5341000 | F54: =B54/$B$46 -> 0.0012659107 | G54: =C54/$C$46 -> 0.00034900401 | H54: =D54/$D$46 -> 0.00043092083
A55: ='Income statement Company 1'!A18 -> Net financial income or expense | B55: =A_NETFINEX_20 -> -28181000 | C55: =A_NETFINEX_19 -> -28890000 | D55: =A_NETFINEX_18 -> -16470000 | F55: =B55/$B$46 -> -0.0028295234 | G55: =C55/$C$46 -> -0.002500676 | H55: =D55/$D$46 -> -0.0013288272
A57: ='Income statement Company 1'!A20 -> Profit (loss) before tax | B57: =A_PBT_20 -> 174523000 | C57: =A_PBT_19 -> 207941000 | D57: =A_PBT_18 -> 201090000 | F57: =B57/$B$46 -> 0.017523044 | G57: =C57/$C$46 -> 0.017999068 | H57: =D57/$D$46 -> 0.016224278
A59: ='Income statement Company 1'!A22 -> Income tax expense (enter expenses as a negative number) | B59: =A_TaxExp_20 -> -50418000 | C59: =A_TaxExp_19 -> -55574000 | D59: =A_TaxExp_18 -> -46893000 | F59: =B59/$B$46 -> -0.0050622373 | G59: =C59/$C$46 -> -0.0048104039 | H59: =D59/$D$46 -> -0.0037834058
A61: ='Income statement Company 1'!A24 -> Net profit | B61: =A_NP_20 -> 124105000 | C61: =A_NP_19 -> 152367000 | D61: =A_NP_18 -> 154197000 | F61: =B61/$B$46 -> 0.012460807 | G61: =C61/$C$46 -> 0.013188664 | H61: =D61/$D$46 -> 0.012440872

Sheet Vertical Analysis Company 2
A1: 1 | B1: =B_Company -> GRUPA AZOTY S.A
A3: Group Number | B3: =AssignNo -> 30
B5: Standardized Balance Sheet | F5: Vertical Analysis
F6: As Percentage of Total Assets
B7: 2023 | C7: 2022 | D7: 2021 | F7: =+B7 -> 2023 | G7: =+C7 -> 2022 | H7: =+D7 -> 2021
A9: ='Balance sheet Company 2'!A9 -> Intangible fixed assets | B9: =B_IFA_20 -> 1935281000 | C9: =B_IFA_19 -> 2035213000 | D9: =B_IFA_18 -> 2123399000 | F9: =B9/$B$20 -> 0.0796526 | G9: =C9/$C$20 -> 0.078684026 | H9: =D9/$D$20 -> 0.089804419
A10: ='Balance sheet Company 2'!A10 -> Tangible fixed assets | B10: =B_TFA_20 -> 13747762000 | C10: =B_TFA_19 -> 13458775000 | D10: =B_TFA_18 -> 12025731000 | F10: =B10/$B$20 -> 0.56583256 | G10: =C10/$C$20 -> 0.52033404 | H10: =D10/$D$20 -> 0.50860144
A11: ='Balance sheet Company 2'!A11 -> Other fixed assets | B11: =B_OFA_20 -> 1582073000 | C11: =B_OFA_19 -> 1454765000 | D11: =B_OFA_18 -> 756706000 | F11: =B11/$B$20 -> 0.06511521 | G11: =C11/$C$20 -> 0.056243139 | H11: =D11/$D$20 -> 0.032003191
A12: ='Balance sheet Company 2'!A12 -> Total fixed assets | B12: =B_TotFA_20 -> 17265116000 | C12: =B_TotFA_19 -> 16948753000 | D12: =B_TotFA_18 -> 14905836000 | F12: =B12/$B$20 -> 0.71060037 | G12: =C12/$C$20 -> 0.6552612 | H12: =D12/$D$20 -> 0.63040905
A14: ='Balance sheet Company 2'!A14 -> Inventory | B14: =B_INV_20 -> 2469246000 | C14: =B_INV_19 -> 3444385000 | D14: =B_INV_18 -> 2313143000 | F14: =B14/$B$20 -> 0.10162962 | G14: =C14/$C$20 -> 0.13316448 | H14: =D14/$D$20 -> 0.097829218
A15: ='Balance sheet Company 2'!A15 -> Accounts receivable | B15: =B_AR_20 -> 1432699000 | C15: =B_AR_19 -> 2026024000 | D15: =B_AR_18 -> 2453579000 | F15: =B15/$B$20 -> 0.058967251 | G15: =C15/$C$20 -> 0.078328767 | H15: =D15/$D$20 -> 0.10376865
A16: ='Balance sheet Company 2'!A16 -> Cash and cash equivalents | B16: =B_Cash_20 -> 1012355000 | C16: =B_Cash_19 -> 1376541000 | D16: =B_Cash_18 -> 2362193000 | F16: =B16/$B$20 -> 0.041666667 | G16: =C16/$C$20 -> 0.053218895 | H16: =D16/$D$20 -> 0.099903678
A17: ='Balance sheet Company 2'!A17 -> Other current assets | B17: =B_OCA_20 -> 2117104000 | C17: =B_OCA_19 -> 2069941000 | D17: =B_OCA_18 -> 1609954000 | F17: =B17/$B$20 -> 0.0871361 | G17: =C17/$C$20 -> 0.080026656 | H17: =D17/$D$20 -> 0.068089409
A18: ='Balance sheet Company 2'!A18 -> Total current assets | B18: =B_TCA_20 -> 7031404000 | C18: =B_TCA_19 -> 8916891000 | D18: =B_TCA_18 -> 8738869000 | F18: =B18/$B$20 -> 0.28939963 | G18: =C18/$C$20 -> 0.3447388 | H18: =D18/$D$20 -> 0.36959095
A20: ='Balance sheet Company 2'!A20 -> TOTAL ASSETS | B20: =B_TA_20 -> 24296520000 | C20: =B_TA_19 -> 25865644000 | D20: =B_TA_18 -> 23644705000 | F20: =B20/$B$20 -> 1 | G20: =C20/$C$20 -> 1 | H20: =D20/$D$20 -> 1
A23: ='Balance sheet Company 2'!A23 -> Issued share capital | B23: =B_ISC_20 -> 495977000 | C23: =B_ISC_19 -> 495977000 | D23: =B_ISC_18 -> 495977000 | F23: =B23/$B$20 -> 0.0204135 | G23: =C23/$C$20 -> 0.019175127 | H23: =D23/$D$20 -> 0.02097624
A24: ='Balance sheet Company 2'!A24 -> Other equity | B24: =B_OSF_20 -> 5972312000 | C24: =B_OSF_19 -> 9460390000 | D24: =B_OSF_18 -> 8436190000 | F24: =B24/$B$20 -> 0.24580936 | G24: =C24/$C$20 -> 0.36575119 | H24: =D24/$D$20 -> 0.35678982
A25: ='Balance sheet Company 2'!A25 -> TOTAL EQUITY | B25: =B_TEQ_20 -> 6468289000 | C25: =B_TEQ_19 -> 9956367000 | D25: =B_TEQ_18 -> 8932167000 | F25: =B25/$B$20 -> 0.26622286 | G25: =C25/$C$20 -> 0.38492631 | H25: =D25/$D$20 -> 0.37776606
A27: ='Balance sheet Company 2'!A27 -> Long-term liabilities | B27: =B_LTL_20 -> 2997479000 | C27: =B_LTL_19 -> 7294419000 | D27: =B_LTL_18 -> 5951160000 | F27: =B27/$B$20 -> 0.12337071 | G27: =C27/$C$20 -> 0.28201188 | H27: =D27/$D$20 -> 0.25169102
A28: ='Balance sheet Company 2'!A28 -> Total non-current liabilities | B28: =B_TNCL_20 -> 2997479000 | C28: =B_TNCL_19 -> 7294419000 | D28: =B_TNCL_18 -> 5951160000 | F28: =B28/$B$20 -> 0.12337071 | G28: =C28/$C$20 -> 0.28201188 | H28: =D28/$D$20 -> 0.25169102
A30: ='Balance sheet Company 2'!A30 -> Accounts payable | B30: =B_AP_20 -> 5388239000 | C30: =B_AP_19 -> 6141011000 | D30: =B_AP_18 -> 5827116000 | F30: =B30/$B$20 -> 0.22176999 | G30: =C30/$C$20 -> 0.23741961 | H30: =D30/$D$20 -> 0.24644486
A31: ='Balance sheet Company 2'!A31 -> Other current liabilities | B31: =B_OCL_20 -> 9442513000 | C31: =B_OCL_19 -> 2473847000 | D31: =B_OCL_18 -> 2934262000 | F31: =B31/$B$20 -> 0.38863644 | G31: =C31/$C$20 -> 0.095642196 | H31: =D31/$D$20 -> 0.12409806
A32: ='Balance sheet Company 2'!A32 -> Total current liabilities | B32: =B_TCL_20 -> 14830752000 | C32: =B_TCL_19 -> 8614858000 | D32: =B_TCL_18 -> 8761378000 | F32: =B32/$B$20 -> 0.61040643 | G32: =C32/$C$20 -> 0.3330618 | H32: =D32/$D$20 -> 0.37054292
A34: ='Balance sheet Company 2'!A34 -> TOTAL EQUITY AND LIABILITIES | B34: =B_TEL_20 -> 24296520000 | C34: =B_TEL_19 -> 25865644000 | D34: =B_TEL_18 -> 23644705000 | F34: =B34/$B$20 -> 1 | G34: =C34/$C$20 -> 1 | H34: =D34/$D$20 -> 1
B42: Standardized Income Statement | F42: Vertical Analysis
F43: As Percentage of Total Revenue
B44: =+B7 -> 2023 | C44: =+C7 -> 2022 | D44: =+D7 -> 2021 | F44: =+F7 -> 2023 | G44: =+G7 -> 2022 | H44: =+H7 -> 2021
A46: ='Income statement Company 2'!A9 -> Revenue | B46: =B_Sales_20 -> 13545094000 | C46: =B_Sales_19 -> 24657853000 | D46: =B_Sales_18 -> 15901259000 | F46: =B46/$B$46 -> 1 | G46: =C46/$C$46 -> 1 | H46: =D46/$D$46 -> 1
A47: ='Income statement Company 2'!A10 -> Cost of goods sold (enter positive number) | B47: =B_COGS_20 -> 13833787000 | C47: =B_COGS_19 -> 20722832000 | D47: =B_COGS_18 -> 12822820000 | F47: =B47/$B$46 -> 1.0213135 | G47: =C47/$C$46 -> 0.8404151 | H47: =D47/$D$46 -> 0.80640281
A48: ='Income statement Company 2'!A11 -> Gross profit | B48: =B_GP_20 -> -288693000 | C48: =B_GP_19 -> 3935021000 | D48: =B_GP_18 -> 3078439000 | F48: =B48/$B$46 -> -0.021313473 | G48: =C48/$C$46 -> 0.1595849 | H48: =D48/$D$46 -> 0.19359719
A50: ='Income statement Company 2'!A13 -> Other operating expenses (enter expenses as a negative number) | B50: =B_Opex_20 -> -3311529000 | C50: =B_Opex_19 -> -3069372000 | D50: =B_Opex_18 -> -2201934000 | F50: =B50/$B$46 -> -0.2444818 | G50: =C50/$C$46 -> -0.12447848 | H50: =D50/$D$46 -> -0.13847545
A51: ='Income statement Company 2'!A14 -> Operating profit (EBIT) | B51: =B_EBIT_20 -> -3600222000 | C51: =B_EBIT_19 -> 865649000 | D51: =B_EBIT_18 -> 876505000 | F51: =B51/$B$46 -> -0.26579528 | G51: =C51/$C$46 -> 0.035106422 | H51: =D51/$D$46 -> 0.055121736
A53: ='Income statement Company 2'!A16 -> Financial expenses (enter expenses as a negative number) | B53: =B_FINEX_20 -> -374055000 | C53: =B_FINEX_19 -> -331140000 | D53: =B_FINEX_18 -> -220674000 | F53: =B53/$B$46 -> -0.027615534 | G53: =C53/$C$46 -> -0.013429393 | H53: =D53/$D$46 -> -0.013877769
A54: ='Income statement Company 2'!A17 -> Financial income (including share of profit or loss from associates) | B54: =B_FININC_20 -> 391013000 | C54: =B_FININC_19 -> 154177000 | D54: =B_FININC_18 -> 78054000 | F54: =B54/$B$46 -> 0.0288675 | G54: =C54/$C$46 -> 0.0062526531 | H54: =D54/$D$46 -> 0.0049086679
A55: ='Income statement Company 2'!A18 -> Net financial income or expense | B55: =B_NETFINEX_20 -> 16958000 | C55: =B_NETFINEX_19 -> -176963000 | D55: =B_NETFINEX_18 -> -142620000 | F55: =B55/$B$46 -> 0.0012519662 | G55: =C55/$C$46 -> -0.00717674 | H55: =D55/$D$46 -> -0.0089691011
A57: ='Income statement Company 2'!A20 -> Profit (loss) before tax | B57: =B_PBT_20 -> -3583264000 | C57: =B_PBT_19 -> 688686000 | D57: =B_PBT_18 -> 733885000 | F57: =B57/$B$46 -> -0.26454331 | G57: =C57/$C$46 -> 0.027929682 | H57: =D57/$D$46 -> 0.046152635
A59: ='Income statement Company 2'!A22 -> Income tax expense (enter expenses as a negative number) | B59: =B_TaxExp_20 -> 292800000 | C59: =B_TaxExp_19 -> -104866000 | D59: =B_TaxExp_18 -> -100198000 | F59: =B59/$B$46 -> 0.021616683 | G59: =C59/$C$46 -> -0.0042528439 | H59: =D59/$D$46 -> -0.0063012621
A61: ='Income statement Company 2'!A24 -> Net profit | B61: =B_NP_20 -> -3290464000 | C61: =B_NP_19 -> 583820000 | D61: =B_NP_18 -> 633687000 | F61: =B61/$B$46 -> -0.24292663 | G61: =C61/$C$46 -> 0.023676838 | H61: =D61/$D$46 -> 0.039851373

Sheet Horizontal Analysis Company 1
A1: Company | B1: ='Balance sheet Company 1'!B1 -> ALSO Holding AG
A3: Group Number | B3: =AssignNo -> 30
B5: Standardized Balance Sheet | F5: Horizontal Analysis
B7: 2023 | C7: 2022 | D7: 2021 | F7: 2023 | G7: 2022
A9: ='Balance sheet Company 1'!A9 -> Intangible fixed assets | B9: =A_IFA_20 -> 242947000 | C9: =A_IFA_19 -> 226175000 | D9: =A_IFA_18 -> 207180000 | F9: =(B9/C9)-1 -> 0.074154969 | G9: =(C9/D9)-1 -> 0.09168356
A10: ='Balance sheet Company 1'!A10 -> Tangible fixed assets | B10: =A_TFA_20 -> 145569000 | C10: =A_TFA_19 -> 139325000 | D10: =A_TFA_18 -> 144206000 | F10: =(B10/C10)-1 -> 0.044816078 | G10: =(C10/D10)-1 -> -0.033847413
A11: ='Balance sheet Company 1'!A11 -> Other fixed assets | B11: =A_OFA_20 -> 75690000 | C11: =A_OFA_19 -> 82975000 | D11: =A_OFA_18 -> 41514000 | F11: =(B11/C11)-1 -> -0.087797529 | G11: =(C11/D11)-1 -> 0.99872332
A12: ='Balance sheet Company 1'!A12 -> Total fixed assets | B12: =A_TotFA_20 -> 464206000 | C12: =A_TotFA_19 -> 448475000 | D12: =A_TotFA_18 -> 392900000 | F12: =(B12/C12)-1 -> 0.035076649 | G12: =(C12/D12)-1 -> 0.14144821
A14: ='Balance sheet Company 1'!A14 -> Inventory | B14: =A_INV_20 -> 767194000 | C14: =A_INV_19 -> 981396000 | D14: =A_INV_18 -> 910018000 | F14: =(B14/C14)-1 -> -0.21826256 | G14: =(C14/D14)-1 -> 0.078435811
A15: ='Balance sheet Company 1'!A15 -> Accounts receivable | B15: =A_AR_20 -> 722066000 | C15: =A_AR_19 -> 803251000 | D15: =A_AR_18 -> 691874000 | F15: =(B15/C15)-1 -> -0.10107052 | G15: =(C15/D15)-1 -> 0.16097873
A16: ='Balance sheet Company 1'!A16 -> Cash and cash equivalents | B16: =A_Cash_20 -> 665369000 | C16: =A_Cash_19 -> 478718000 | D16: =A_Cash_18 -> 617245000 | F16: =(B16/C16)-1 -> 0.3898976 | G16: =(C16/D16)-1 -> -0.2244279
A17: ='Balance sheet Company 1'!A17 -> Other current assets | B17: =A_OCA_20 -> 611038000 | C17: =A_OCA_19 -> 441677000 | D17: =A_OCA_18 -> 472465000 | F17: =(B17/C17)-1 -> 0.3834499 | G17: =(C17/D17)-1 -> -0.065164615
A18: ='Balance sheet Company 1'!A18 -> Total current assets | B18: =A_TCA_20 -> 2765667000 | C18: =A_TCA_19 -> 2705042000 | D18: =A_TCA_18 -> 2691602000 | F18: =(B18/C18)-1 -> 0.022411852 | G18: =(C18/D18)-1 -> 0.0049933088
A20: ='Balance sheet Company 1'!A20 -> TOTAL ASSETS | B20: =A_TA_20 -> 3229873000 | C20: =A_TA_19 -> 3153517000 | D20: =A_TA_18 -> 3084502000 | F20: =(B20/C20)-1 -> 0.024212966 | G20: =(C20/D20)-1 -> 0.022374763
A23: ='Balance sheet Company 1'!A23 -> Issued share capital | B23: =A_ISC_20 -> 1043806000 | C23: =A_ISC_19 -> 1039578000 | D23: =A_ISC_18 -> 948971000 | F23: =(B23/C23)-1 -> 0.0040670349 | G23: =(C23/D23)-1 -> 0.095479209
A24: ='Balance sheet Company 1'!A24 -> Other equity | B24: =A_OSF_20 -> 1277000 | C24: =A_OSF_19 -> 835000 | D24: =A_OSF_18 -> 528000 | F24: =(B24/C24)-1 -> 0.52934132 | G24: =(C24/D24)-1 -> 0.58143939
A25: ='Balance sheet Company 1'!A25 -> TOTAL EQUITY | B25: =A_TEQ_20 -> 1045083000 | C25: =A_TEQ_19 -> 1040413000 | D25: =A_TEQ_18 -> 949499000 | F25: =(B25/C25)-1 -> 0.0044886021 | G25: =(C25/D25)-1 -> 0.095749443
A27: ='Balance sheet Company 1'!A27 -> Long-term liabilities | B27: =A_LTL_20 -> 163080000 | C27: =A_LTL_19 -> 281974000 | D27: =A_LTL_18 -> 280842000 | F27: =(B27/C27)-1 -> -0.4216488 | G27: =(C27/D27)-1 -> 0.0040307361
A28: ='Balance sheet Company 1'!A28 -> Total non-current liabilities | B28: =A_TNCL_20 -> 163080000 | C28: =A_TNCL_19 -> 281974000 | D28: =A_TNCL_18 -> 280842000 | F28: =(B28/C28)-1 -> -0.4216488 | G28: =(C28/D28)-1 -> 0.0040307361
A30: ='Balance sheet Company 1'!A30 -> Accounts payable | B30: =A_AP_20 -> 1467407000 | C30: =A_AP_19 -> 1407804000 | D30: =A_AP_18 -> 1423567000 | F30: =(B30/C30)-1 -> 0.04233757 | G30: =(C30/D30)-1 -> -0.011072889
A31: ='Balance sheet Company 1'!A31 -> Other current liabilities | B31: =A_OCL_20 -> 554303000 | C31: =A_OCL_19 -> 423326000 | D31: =A_OCL_18 -> 430594000 | F31: =(B31/C31)-1 -> 0.30939985 | G31: =(C31/D31)-1 -> -0.016879009
A32: ='Balance sheet Company 1'!A32 -> Total current liabilities | B32: =A_TCL_20 -> 2021710000 | C32: =A_TCL_19 -> 1831130000 | D32: =A_TCL_18 -> 1854161000 | F32: =(B32/C32)-1 -> 0.10407781 | G32: =(C32/D32)-1 -> -0.012421251
A34: ='Balance sheet Company 1'!A34 -> TOTAL EQUITY AND LIABILITIES | B34: =A_TEL_20 -> 3229873000 | C34: =A_TEL_19 -> 3153517000 | D34: =A_TEL_18 -> 3084502000 | F34: =(B34/C34)-1 -> 0.024212966 | G34: =(C34/D34)-1 -> 0.022374763
B42: Standardized Income Statement | F42: Horizontal Analysis
B44: 2023 | C44: 2022 | D44: 2021 | F44: 2023 | G44: 2022
A46: ='Income statement Company 1'!A9 -> Revenue | B46: =A_Sales_20 -> 9959628000 | C46: =A_Sales_19 -> 11552876000 | D46: =A_Sales_18 -> 12394388000 | F46: =(B46/C46)-1 -> -0.13790921 | G46: =(C46/D46)-1 -> -0.067894599
A47: ='Income statement Company 1'!A10 -> Cost of goods sold (enter positive number) | B47: =A_COGS_20 -> 9264618000 | C47: =A_COGS_19 -> 10839468000 | D47: =A_COGS_18 -> 11710962000 | F47: =(B47/C47)-1 -> -0.1452885 | G47: =(C47/D47)-1 -> -0.074416944
A48: ='Income statement Company 1'!A11 -> Gross profit | B48: =A_GP_20 -> 695010000 | C48: =A_GP_19 -> 713408000 | D48: =A_GP_18 -> 683426000 | F48: =(B48/C48)-1 -> -0.025788889 | G48: =(C48/D48)-1 -> 0.043870148
A50: ='Income statement Company 1'!A13 -> Other operating expenses (enter expenses as a negative number) | B50: =A_Opex_20 -> -492306000 | C50: =A_Opex_19 -> -476577000 | D50: =A_Opex_18 -> -465866000 | F50: =(B50/C50)-1 -> 0.033004111 | G50: =(C50/D50)-1 -> 0.02299159
A51: ='Income statement Company 1'!A14 -> Operating profit (EBIT) | B51: =A_EBIT_20 -> 202704000 | C51: =A_EBIT_19 -> 236831000 | D51: =A_EBIT_18 -> 217560000 | F51: =(B51/C51)-1 -> -0.14409853 | G51: =(C51/D51)-1 -> 0.088577864
A53: ='Income statement Company 1'!A16 -> Financial expenses (enter expenses as a negative number) | B53: =A_FINEX_20 -> -40789000 | C53: =A_FINEX_19 -> -32922000 | D53: =A_FINEX_18 -> -21811000 | F53: =(B53/C53)-1 -> 0.23895875 | G53: =(C53/D53)-1 -> 0.50942185
A54: ='Income statement Company 1'!A17 -> Financial income (including share of profit or loss from associates) | B54: =A_FININC_20 -> 12608000 | C54: =A_FININC_19 -> 4032000 | D54: =A_FININC_18 -> 5341000 | F54: =(B54/C54)-1 -> 2.1269841 | G54: =(C54/D54)-1 -> -0.24508519
A55: ='Income statement Company 1'!A18 -> Net financial income or expense | B55: =A_NETFINEX_20 -> -28181000 | C55: =A_NETFINEX_19 -> -28890000 | D55: =A_NETFINEX_18 -> -16470000 | F55: =(B55/C55)-1 -> -0.024541364 | G55: =(C55/D55)-1 -> 0.75409836
A57: ='Income statement Company 1'!A20 -> Profit (loss) before tax | B57: =A_PBT_20 -> 174523000 | C57: =A_PBT_19 -> 207941000 | D57: =A_PBT_18 -> 201090000 | F57: =(B57/C57)-1 -> -0.16070905 | G57: =(C57/D57)-1 -> 0.034069322
A59: ='Income statement Company 1'!A22 -> Income tax expense (enter expenses as a negative number) | B59: =A_TaxExp_20 -> -50418000 | C59: =A_TaxExp_19 -> -55574000 | D59: =A_TaxExp_18 -> -46893000 | F59: =(B59/C59)-1 -> -0.092777198 | G59: =(C59/D59)-1 -> 0.18512358
A61: ='Income statement Company 1'!A24 -> Net profit | B61: =A_NP_20 -> 124105000 | C61: =A_NP_19 -> 152367000 | D61: =A_NP_18 -> 154197000 | F61: =(B61/C61)-1 -> -0.18548636 | G61: =(C61/D61)-1 -> -0.011867935

Sheet Horizontal Analysis Company 2
A1: Company | B1: =B_Company -> GRUPA AZOTY S.A
A3: Group Number | B3: =AssignNo -> 30
B5: Standardized Balance Sheet | F5: Horizontal Analysis
B7: 2023 | C7: 2022 | D7: 2021 | F7: 2023 | G7: 2022
A9: ='Balance sheet Company 2'!A9 -> Intangible fixed assets | B9: =B_IFA_20 -> 1935281000 | C9: =B_IFA_19 -> 2035213000 | D9: =B_IFA_18 -> 2123399000 | F9: =(B9/C9)-1 -> -0.049101495 | G9: =(C9/D9)-1 -> -0.041530584
A10: ='Balance sheet Company 2'!A10 -> Tangible fixed assets | B10: =B_TFA_20 -> 13747762000 | C10: =B_TFA_19 -> 13458775000 | D10: =B_TFA_18 -> 12025731000 | F10: =(B10/C10)-1 -> 0.021472014 | G10: =(C10/D10)-1 -> 0.11916481
A11: ='Balance sheet Company 2'!A11 -> Other fixed assets | B11: =B_OFA_20 -> 1582073000 | C11: =B_OFA_19 -> 1454765000 | D11: =B_OFA_18 -> 756706000 | F11: =(B11/C11)-1 -> 0.087511041 | G11: =(C11/D11)-1 -> 0.92249698
A12: ='Balance sheet Company 2'!A12 -> Total fixed assets | B12: =B_TotFA_20 -> 17265116000 | C12: =B_TotFA_19 -> 16948753000 | D12: =B_TotFA_18 -> 14905836000 | F12: =(B12/C12)-1 -> 0.018665857 | G12: =(C12/D12)-1 -> 0.13705484
A14: ='Balance sheet Company 2'!A14 -> Inventory | B14: =B_INV_20 -> 2469246000 | C14: =B_INV_19 -> 3444385000 | D14: =B_INV_18 -> 2313143000 | F14: =(B14/C14)-1 -> -0.28310976 | G14: =(C14/D14)-1 -> 0.48904975
A15: ='Balance sheet Company 2'!A15 -> Accounts receivable | B15: =B_AR_20 -> 1432699000 | C15: =B_AR_19 -> 2026024000 | D15: =B_AR_18 -> 2453579000 | F15: =(B15/C15)-1 -> -0.29285191 | G15: =(C15/D15)-1 -> -0.17425769
A16: ='Balance sheet Company 2'!A16 -> Cash and cash equivalents | B16: =B_Cash_20 -> 1012355000 | C16: =B_Cash_19 -> 1376541000 | D16: =B_Cash_18 -> 2362193000 | F16: =(B16/C16)-1 -> -0.26456604 | G16: =(C16/D16)-1 -> -0.41726142
A17: ='Balance sheet Company 2'!A17 -> Other current assets | B17: =B_OCA_20 -> 2117104000 | C17: =B_OCA_19 -> 2069941000 | D17: =B_OCA_18 -> 1609954000 | F17: =(B17/C17)-1 -> 0.022784707 | G17: =(C17/D17)-1 -> 0.28571437
A18: ='Balance sheet Company 2'!A18 -> Total current assets | B18: =B_TCA_20 -> 7031404000 | C18: =B_TCA_19 -> 8916891000 | D18: =B_TCA_18 -> 8738869000 | F18: =(B18/C18)-1 -> -0.21145117 | G18: =(C18/D18)-1 -> 0.020371286
A20: ='Balance sheet Company 2'!A20 -> TOTAL ASSETS | B20: =B_TA_20 -> 24296520000 | C20: =B_TA_19 -> 25865644000 | D20: =B_TA_18 -> 23644705000 | F20: =(B20/C20)-1 -> -0.060664409 | G20: =(C20/D20)-1 -> 0.093929656
A23: ='Balance sheet Company 2'!A23 -> Issued share capital | B23: =B_ISC_20 -> 495977000 | C23: =B_ISC_19 -> 495977000 | D23: =B_ISC_18 -> 495977000 | F23: =(B23/C23)-1 -> 0 | G23: =(C23/D23)-1 -> 0
A24: ='Balance sheet Company 2'!A24 -> Other equity | B24: =B_OSF_20 -> 5972312000 | C24: =B_OSF_19 -> 9460390000 | D24: =B_OSF_18 -> 8436190000 | F24: =(B24/C24)-1 -> -0.3687034 | G24: =(C24/D24)-1 -> 0.12140552
A25: ='Balance sheet Company 2'!A25 -> TOTAL EQUITY | B25: =B_TEQ_20 -> 6468289000 | C25: =B_TEQ_19 -> 9956367000 | D25: =B_TEQ_18 -> 8932167000 | F25: =(B25/C25)-1 -> -0.35033642 | G25: =(C25/D25)-1 -> 0.11466422
A27: ='Balance sheet Company 2'!A27 -> Long-term liabilities | B27: =B_LTL_20 -> 2997479000 | C27: =B_LTL_19 -> 7294419000 | D27: =B_LTL_18 -> 5951160000 | F27: =(B27/C27)-1 -> -0.58907228 | G27: =(C27/D27)-1 -> 0.22571381
A28: ='Balance sheet Company 2'!A28 -> Total non-current liabilities | B28: =B_TNCL_20 -> 2997479000 | C28: =B_TNCL_19 -> 7294419000 | D28: =B_TNCL_18 -> 5951160000 | F28: =(B28/C28)-1 -> -0.58907228 | G28: =(C28/D28)-1 -> 0.22571381
A30: ='Balance sheet Company 2'!A30 -> Accounts payable | B30: =B_AP_20 -> 5388239000 | C30: =B_AP_19 -> 6141011000 | D30: =B_AP_18 -> 5827116000 | F30: =(B30/C30)-1 -> -0.12258112 | G30: =(C30/D30)-1 -> 0.053867985
A31: ='Balance sheet Company 2'!A31 -> Other current liabilities | B31: =B_OCL_20 -> 9442513000 | C31: =B_OCL_19 -> 2473847000 | D31: =B_OCL_18 -> 2934262000 | F31: =(B31/C31)-1 -> 2.8169349 | G31: =(C31/D31)-1 -> -0.15690998
A32: ='Balance sheet Company 2'!A32 -> Total current liabilities | B32: =B_TCL_20 -> 14830752000 | C32: =B_TCL_19 -> 8614858000 | D32: =B_TCL_18 -> 8761378000 | F32: =(B32/C32)-1 -> 0.7215318 | G32: =(C32/D32)-1 -> -0.016723397
A34: ='Balance sheet Company 2'!A34 -> TOTAL EQUITY AND LIABILITIES | B34: =B_TEL_20 -> 24296520000 | C34: =B_TEL_19 -> 25865644000 | D34: =B_TEL_18 -> 23644705000 | F34: =(B34/C34)-1 -> -0.060664409 | G34: =(C34/D34)-1 -> 0.093929656
B42: Standardized Income Statement | F42: Horizontal Analysis
B44: 2023 | C44: 2022 | D44: 2021 | F44: 2023 | G44: 2022
A46: ='Income statement Company 2'!A9 -> Revenue | B46: =B_Sales_20 -> 13545094000 | C46: =B_Sales_19 -> 24657853000 | D46: =B_Sales_18 -> 15901259000 | F46: =(B46/C46)-1 -> -0.45067829 | G46: =(C46/D46)-1 -> 0.55068558
A47: ='Income statement Company 2'!A10 -> Cost of goods sold (enter positive number) | B47: =B_COGS_20 -> 13833787000 | C47: =B_COGS_19 -> 20722832000 | D47: =B_COGS_18 -> 12822820000 | F47: =(B47/C47)-1 -> -0.33243743 | G47: =(C47/D47)-1 -> 0.61609006
A48: ='Income statement Company 2'!A11 -> Gross profit | B48: =B_GP_20 -> -288693000 | C48: =B_GP_19 -> 3935021000 | D48: =B_GP_18 -> 3078439000 | F48: =(B48/C48)-1 -> -1.073365 | G48: =(C48/D48)-1 -> 0.27825206
A50: ='Income statement Company 2'!A13 -> Other operating expenses (enter expenses as a negative number) | B50: =B_Opex_20 -> -3311529000 | C50: =B_Opex_19 -> -3069372000 | D50: =B_Opex_18 -> -2201934000 | F50: =(B50/C50)-1 -> 0.07889464 | G50: =(C50/D50)-1 -> 0.39394369
A51: ='Income statement Company 2'!A14 -> Operating profit (EBIT) | B51: =B_EBIT_20 -> -3600222000 | C51: =B_EBIT_19 -> 865649000 | D51: =B_EBIT_18 -> 876505000 | F51: =(B51/C51)-1 -> -5.1589859 | G51: =(C51/D51)-1 -> -0.012385554
A53: ='Income statement Company 2'!A16 -> Financial expenses (enter expenses as a negative number) | B53: =B_FINEX_20 -> -374055000 | C53: =B_FINEX_19 -> -331140000 | D53: =B_FINEX_18 -> -220674000 | F53: =(B53/C53)-1 -> 0.12959775 | G53: =(C53/D53)-1 -> 0.50058457
A54: ='Income statement Company 2'!A17 -> Financial income (including share of profit or loss from associates) | B54: =B_FININC_20 -> 391013000 | C54: =B_FININC_19 -> 154177000 | D54: =B_FININC_18 -> 78054000 | F54: =(B54/C54)-1 -> 1.5361306 | G54: =(C54/D54)-1 -> 0.97526072
A55: ='Income statement Company 2'!A18 -> Net financial income or expense | B55: =B_NETFINEX_20 -> 16958000 | C55: =B_NETFINEX_19 -> -176963000 | D55: =B_NETFINEX_18 -> -142620000 | F55: =(B55/C55)-1 -> -1.0958279 | G55: =(C55/D55)-1 -> 0.24080073
A57: ='Income statement Company 2'!A20 -> Profit (loss) before tax | B57: =B_PBT_20 -> -3583264000 | C57: =B_PBT_19 -> 688686000 | D57: =B_PBT_18 -> 733885000 | F57: =(B57/C57)-1 -> -6.2030446 | G57: =(C57/D57)-1 -> -0.061588669
A59: ='Income statement Company 2'!A22 -> Income tax expense (enter expenses as a negative number) | B59: =B_TaxExp_20 -> 292800000 | C59: =B_TaxExp_19 -> -104866000 | D59: =B_TaxExp_18 -> -100198000 | F59: =(B59/C59)-1 -> -3.7921347 | G59: =(C59/D59)-1 -> 0.046587756
A61: ='Income statement Company 2'!A24 -> Net profit | B61: =B_NP_20 -> -3290464000 | C61: =B_NP_19 -> 583820000 | D61: =B_NP_18 -> 633687000 | F61: =(B61/C61)-1 -> -6.6360933 | G61: =(C61/D61)-1 -> -0.078693424

Sheet Ratio Analysis Company 1
A1: Company | B1: =A_Company -> ALSO Holding AG
A3: Group Number | B3: =AssignNo -> 30
B5: Ratio Analysis
A7: Profitability | B7: 2023 | C7: 2022
A9: Return on Equity | B9: =A_NP_20/((A_TEQ_20+A_TEQ_19)/2) -> 0.11901725 | C9: =A_NP_19/((A_TEQ_19+A_TEQ_18)/2) -> 0.15313944
A10: Return on Assets | B10: =A_EWI_20/((A_TA_20+A_TA_19)/2) -> 0.027190275 | C10: =A_EWI_19/((A_TA_19+A_TA_18)/2) -> 0.03919301
A11: Return on Financial Leverage | B11: =A_ROE_20-A_ROA_20 -> 0.091826976 | C11: =A_ROE_19-A_ROA_19 -> 0.11394643
A12: Earnings without Interest expense | B12: =A_NP_20+(A_FINEX_20*(1-A_StatTax_20)) -> 86783065 | C12: =A_NP_19+(A_FINEX_19*(1-A_StatTax_19)) -> 122243370
A13: Gross profit margin | B13: =(A_GP_20/A_Sales_20) -> 0.069782727 | C13: =(A_GP_19/A_Sales_19) -> 0.06175155
A14: Profit margin | B14: =A_EWI_20/A_Sales_20 -> 0.0087134846 | C14: =A_EWI_19/A_Sales_19 -> 0.010581207
A17: Activity | B17: =+B7 -> 2023 | C17: =+C7 -> 2022
A19: Accounts receivable turnover | B19: =A_Sales_20/((A_AR_20+A_AR_19)/2) -> 13.059093 | C19: =A_Sales_19/((A_AR_19+A_AR_18)/2) -> 15.45406
A20: Average Collection Period | B20: =365/A_ART_20 -> 27.949874 | C20: =365/A_ART_19 -> 23.618388
A21: Inventory turnover | B21: =A_COGS_20/((A_INV_20+A_INV_19)/2) -> 10.596673 | C21: =A_COGS_19/((A_INV_19+A_INV_18)/2) -> 11.461761
A22: Average days inventory outstanding | B22: =365/A_IT_20 -> 34.444774 | C22: =365/A_IT_19 -> 31.845018
A23: Asset turnover | B23: =A_Sales_20/((A_TA_20+A_TA_19)/2) -> 3.1204824 | C23: =A_Sales_19/((A_TA_19+A_TA_18)/2) -> 3.7040208
A26: Solvency & Liquidity | B26: =+B17 -> 2023 | C26: =+C17 -> 2022
A28: Current ratio | B28: =A_TCA_20/A_TCL_20 -> 1.367984 | C28: =A_TCA_19/A_TCL_19 -> 1.4772528
A29: Quick ratio | B29: =(A_Cash_20+A_AR_20)/A_TCL_20 -> 0.68626806 | C29: =(A_Cash_19+A_AR_19)/A_TCL_19 -> 0.70009721
A30: Debt to equity ratio | B30: =(A_TCL_20+A_TNCL_20)/A_TEQ_20 -> 2.0905421 | C30: =(A_TCL_19+A_TNCL_19)/A_TEQ_19 -> 2.0310242
A31: Times Interest earned | B31: =A_EBIT_20/(A_FINEX_20*-1) -> 4.9695751 | C31: =A_EBIT_20/(A_FINEX_19*-1) -> 6.1570986

Sheet Ratio Analysis Company 2
A1: Company | B1: =B_Company -> GRUPA AZOTY S.A
A3: Group Number | B3: =AssignNo -> 30
B5: Ratio Analysis
A7: Profitability | B7: 2023 | C7: 2022
A9: Return on Equity | B9: =B_NP_20/((B_TEQ_20+B_TEQ_19)/2) -> -0.40067372 | C9: =B_NP_19/((B_TEQ_19+B_TEQ_18)/2) -> 0.061817397
A10: Return on Assets | B10: =B_EWI_20/((B_TA_20+B_TA_19)/2) -> -0.14327327 | C10: =B_EWI_19/((B_TA_19+B_TA_18)/2) -> 0.012748712
A11: Return on Financial Leverage | B11: =B_ROE_20-B_ROA_20 -> -0.25740045 | C11: =B_ROE_19-B_ROA_19 -> 0.049068684
A12: Earnings without Interest expense | B12: =B_NP_20+(B_FINEX_20*(1-B_StatTax_20)) -> -3593448550 | C12: =B_NP_19+(B_FINEX_19*(1-B_StatTax_19)) -> 315596600
A13: Gross profit margin | B13: =(B_GP_20/B_Sales_20) -> -0.021313473 | C13: =(B_GP_19/B_Sales_19) -> 0.1595849
A14: Profit margin | B14: =B_EWI_20/B_Sales_20 -> -0.26529521 | C14: =B_EWI_19/B_Sales_19 -> 0.01279903
A17: Activity | B17: =+B7 -> 2023 | C17: =+C7 -> 2022
A19: Accounts receivable turnover | B19: =B_Sales_20/((B_AR_20+B_AR_19)/2) -> 7.8324249 | C19: =B_Sales_19/((B_AR_19+B_AR_18)/2) -> 11.008946
A20: Average Collection Period | B20: =365/B_ART_20 -> 46.601149 | C20: =365/B_ART_19 -> 33.154855
A21: Inventory turnover | B21: =B_COGS_20/((B_INV_20+B_INV_19)/2) -> 4.6786101 | C21: =B_COGS_19/((B_INV_19+B_INV_18)/2) -> 7.1985171
A22: Average days inventory outstanding | B22: =365/B_IT_20 -> 78.014622 | C22: {=365/B_IT_19} -> 50.704887
A23: Asset turnover | B23: =B_Sales_20/((B_TA_20+B_TA_19)/2) -> 0.54005222 | C23: =B_Sales_19/((B_TA_19+B_TA_18)/2) -> 0.99606864
A26: Solvency & Liquidity | B26: =+B7 -> 2023 | C26: =+C7 -> 2022
A28: Current ratio | B28: =B_TCA_20/B_TCL_20 -> 0.47410974 | C28: =B_TCA_19/B_TCL_19 -> 1.0350595
A29: Quick ratio | B29: =(B_Cash_20+B_AR_20)/B_TCL_20 -> 0.16486379 | C29: =(B_Cash_19+B_AR_19)/B_TCL_19 -> 0.39496472
A30: Debt to equity ratio | B30: =(B_TCL_20+B_TNCL_20)/B_TEQ_20 -> 2.7562515 | C30: =(B_TCL_19+B_TNCL_19)/B_TEQ_19 -> 1.5978998
A31: Times Interest earned | B31: =B_EBIT_20/(B_FINEX_20*-1) -> -9.6248466 | C31: =B_EBIT_19/(B_FINEX_19*-1) -> 2.6141481
